Map: Ley Lines

Players

ACC

  • Race: Protoss Protoss
  • League: Diamond
  • Spawn Location: 1:00

llIIllIIllII - Winner!

  • Race: Terran Terran
  • League: Diamond
  • Spawn Location: 7:00

VOD

Have the link to the VOD?

Description

Time

  • Played on: Oct. 16, 2025, 9:55 a.m.
  • Length: 14:13
Show
View Real Time Build Order
Export as new Build Order

ACC Protoss 

Build Orders: 1 Gate Expand, Blink Stalkers 

Get SALT Encoding   

  12  0:02  Probe  
  14  0:14  Probe  
  14  0:19  Pylon  
  14  0:26  Probe  
  15  0:37  Probe  
  15  0:40  Gateway  
  16  0:45  Probe  
  16  0:49  Assimilator  
  17  0:53  Probe  
  17  1:04  Probe  
  19  1:12  Probe  
  20  1:20  Probe  
  21  1:28  Cybernetics Core  
  21  1:31  Probe  
  22  1:40  Nexus  
  22  1:46  Pylon  
  22  1:52  Assimilator  
  22  1:53  Stalker  
  22  1:54  Probe  
  23  2:06  Warp Gate  
  25  2:09  Probe  
  26  2:18  Stalker  
  26  2:21  Probe  
  29  2:31  Pylon  
  29  2:51  Probe  
  30  2:59  Probe  
  30  3:00  Shield Battery  
  30  3:04  Probe  
  30  3:05  Sentry  
  32  3:07  Twilight Council  
  32  3:10  Gateway  
  32  3:11  Probe  
  35  3:23  Blink  
  35  3:29  Probe x2  
  37  3:34  Gateway  
  37  3:38  Robotics Facility  
  37  3:41  Probe  
  37  3:42  Probe  
  39  3:53  Probe  
  39  3:54  Probe  
  41  3:58  Pylon  
  41  4:02  Pylon  
  41  4:05  Probe  
  41  4:06  Probe  
  41  4:08  Assimilator  
  43  4:12  Sentry  
  43  4:13  Stalker  
  47  4:17  Probe  
  47  4:18  Probe  
  49  4:25  Observer  
  49  4:30  Probe x2  
  52  4:31  Forge  
  52  4:34  Stalker  
  54  4:42  Probe x2  
  56  4:58  Stargate  
  56  5:09  Pylon  
  56  5:12  Photon Cannon  
  56  5:13  Probe  
  57  5:14  Assimilator  
  57  5:16  Protoss Ground Weapons Level 1  
  57  5:19  Forge  
  57  5:22  Observer, Pylon  
  57  5:24  Probe  
  57  5:25  Probe  
  60  5:36  Probe  
  60  5:41  Immortal  
  65  6:05  Probe x2  
  66  6:17  Probe  
  67  6:20  Immortal, Stalker x2  
  67  6:21  Zealot  
  77  6:26  Gateway  
  77  6:27  Gateway  
  77  6:29  Gateway  
  77  6:32  Charge  
  77  6:34  Robotics Bay  
  77  6:39  Gateway  
  77  6:42  Protoss Ground Armor Level 1  
  77  6:44  Zealot x3  
  77  6:45  Pylon  
  83  6:50  Photon Cannon  
  83  7:00  Observer  
  84  7:05  Zealot  
  84  7:06  Zealot x2  
  83  7:20  Zealot  
  85  7:24  Extended Thermal Lance  
  85  7:25  Stalker  
  85  7:26  Stalker x2  
  85  7:27  Zealot  
  92  7:46  Zealot  
  94  7:53  Pylon  
  94  7:57  Protoss Ground Weapons Level 2  
  94  7:59  Pylon  
  94  8:00  Colossus, Pylon  
  94  8:01  Gateway  
  94  8:12  Zealot  
  98  8:25  Zealot x2  
  98  8:26  Zealot, Stalker x2  
  82  8:45  Zealot x2  
  82  8:46  Zealot  
  72  8:55  Zealot x3  
  66  9:02  Colossus  
  66  9:08  Zealot x2  
  66  9:09  Zealot x2  
  66  9:15  Protoss Ground Armor Level 2, Stalker x3  
  76  9:29  Stalker x2  
  76  9:30  Zealot  
  76  9:31  Zealot  
  82  9:38  Stalker  
  82  9:39  Zealot, Stalker  
  82  9:43  Gravitic Boosters  
  88  9:47  Pylon  
  88  9:52  Gateway  
  88  9:53  Zealot  
  88  9:54  Zealot  
  88  9:55  Zealot  
  88  9:56  Zealot  
  86  10:14  Probe x2  
  86  10:18  Protoss Ground Weapons Level 3  
  86  10:21  Observer  
  89  10:26  Probe  
  90  10:31  Nexus  
  90  10:33  Pylon  
  90  10:35  Pylon  
  90  10:38  Shield Battery  
  90  10:41  Observer  
  91  10:52  Shield Battery  
  91  10:57  Colossus  
  91  10:59  Probe  
  91  11:00  Probe  
  99  11:11  Probe  
  99  11:12  Probe  
  99  11:14  Templar Archives  
  99  11:16  Pylon  
  101  11:24  Probe  
  101  11:25  Assimilator  
  102  11:29  Assimilator  
  102  11:36  Zealot x3  
  108  11:54  Zealot  
  108  11:55  Zealot x3  
  108  11:57  Zealot  
  108  11:58  High Templar  
  108  12:00  High Templar  
  122  12:05  Archon  
  122  12:06  Zealot  
  124  12:17  Zealot x3  
  130  12:28  Zealot  
  130  12:29  Zealot x2  
  134  12:42  Zealot x3  
  92  12:52  Zealot x2  
  92  12:55  Zealot  
  74  13:01  Zealot  
  66  13:15  Zealot x3  
  66  13:16  Zealot  
  72  13:27  Probe x3  
  75  13:34  Stalker x2  
  79  13:55  Zealot x2  
  87  14:01  Stalker  
  87  14:02  Stalker  
Show
View Real Time Build Order
Export as new Build Order

llIIllIIllII Terran - Winner!

Build Orders: Reaper Expand 

Get SALT Encoding   

  12  0:00  SCV  
  13  0:12  SCV  
  14  0:19  Supply Depot  
  14  0:24  SCV  
  15  0:40  SCV  
  15  0:42  Barracks  
  16  0:47  Refinery  
  16  0:52  SCV  
  17  1:05  SCV  
  18  1:17  SCV  
  19  1:29  Orbital Command  
  19  1:31  Reaper  
  20  1:42  Command Center  
  20  1:55  SCV  
  20  1:57  Supply Depot  
  21  2:07  SCV  
  22  2:09  Marine, Factory  
  23  2:16  Refinery  
  23  2:20  SCV  
  24  2:29  Barracks Tech Lab  
  24  2:32  SCV  
  25  2:44  SCV  
  26  2:55  Orbital Command  
  26  2:59  Starport  
  26  3:01  SCV  
  27  3:06  Marine  
  27  3:07  Cyclone  
  31  3:15  SCV  
  31  3:16  Supply Depot  
  32  3:22  SCV  
  32  3:26  Barracks Reactor  
  33  3:27  SCV  
  33  3:36  SCV, Medivac  
  33  3:39  SCV  
  37  3:42  Widow Mine  
  37  3:48  Barracks x2  
  39  3:51  SCV  
  39  3:52  SCV  
  39  3:55  Engineering Bay  
  41  3:56  Refinery  
  41  4:04  Widow Mine, SCV x2  
  41  4:05  Marine x2  
  41  4:09  Starport Tech Lab  
  47  4:17  SCV  
  47  4:18  SCV  
  47  4:20  Supply Depot  
  47  4:21  Terran Infantry Weapons Level 1  
  49  4:24  Marine x2  
  49  4:30  Siege Tank  
  54  4:35  Refinery  
  54  4:36  Barracks Tech Lab  
  54  4:37  Barracks Reactor  
  54  4:42  SCV x2  
  54  4:43  Marine x2  
  58  4:56  SCV x2  
  60  5:00  Stimpack  
  60  5:01  Marauder  
  62  5:11  Marine x2  
  62  5:12  Starport Reactor, SCV x2, Supply Depot x2  
  66  5:17  Siege Tank  
  69  5:26  Combat Shield  
  69  5:31  SCV  
  69  5:34  SCV, Marauder x2  
  75  5:39  Supply Depot x2  
  75  5:40  Marine x2  
  77  5:44  SCV  
  77  5:46  SCV  
  79  5:52  Siege Tank  
  79  5:54  Medivac x2  
  86  6:03  Marine x2, Marauder x2  
  90  6:10  SCV  
  90  6:11  SCV  
  92  6:14  Supply Depot  
  92  6:15  Supply Depot  
  90  6:20  Marine  
  90  6:21  Marine  
  90  6:24  Marauder x2  
  96  6:27  Medivac x2  
  96  6:32  SCV x2  
  102  6:40  Concussive Shells  
  102  6:41  Marine x2, Siege Tank  
  107  6:47  Command Center  
  107  6:51  Marauder  
  107  6:52  Marauder  
  111  7:11  Marine x2  
  111  7:13  Marauder x2  
  111  7:20  Siege Tank, Medivac x2  
  113  7:29  Barracks  
  113  7:30  Barracks  
  113  7:31  Supply Depot x2  
  112  7:44  Marine x2  
  112  7:45  Marauder x2  
  110  8:01  Siege Tank, Medivac x2  
  112  8:22  Marine x2, Marauder x2  
  112  8:31  SCV x2  
  94  8:43  Marine  
  94  8:44  Marine, Siege Tank, Medivac, Marauder  
  94  8:45  Medivac, Marauder  
  93  9:00  Barracks Tech Lab  
  83  9:15  Marine x4, Marauder x2  
  91  9:18  SCV x2, Orbital Command  
  93  9:26  Terran Infantry Armor Level 1, Starport  
  93  9:28  Barracks x2, Supply Depot  
  93  9:30  Siege Tank, Supply Depot  
  98  9:40  SCV x2  
  98  9:43  Refinery  
  98  9:44  Viking x2  
  100  9:45  Refinery  
  100  9:47  Marine, Marauder x3  
  107  10:05  Starport Reactor  
  107  10:06  Marine x2  
  93  10:13  SCV x3  
  90  10:20  Barracks Reactor, Barracks Tech Lab  
  90  10:21  Marine x2, Marauder x3  
  96  10:22  Viking x2  
  105  10:29  SCV x2  
  105  10:30  SCV  
  108  10:41  SCV  
  108  10:42  SCV x2  
  111  10:43  Armory  
  111  10:46  Engineering Bay  
  111  10:48  Command Center  
  111  10:49  Marine x4, Marauder x2  
  123  10:55  Viking x3  
  123  10:56  Viking  
  123  11:05  Marine x2  
  123  11:06  Marauder x2  
  123  11:07  SCV x3  
  132  11:13  Marine, Marauder  
  132  11:14  Marine, Marauder  
  132  11:15  Marine x2  
  140  11:19  SCV  
  140  11:25  Supply Depot x2  
  140  11:37  Viking x2  
  140  11:38  Medivac x2  
  148  11:40  Marine  
  148  11:41  Marine x2, Marauder x3  
  154  11:50  Marine  
  154  11:51  Marine, Marauder  
  158  11:54  Ghost Academy  
  158  11:56  Terran Infantry Weapons Level 2, Terran Infantry Armor Level 2  
  158  11:59  Terran Ship Weapons Level 1  
  156  12:23  Marauder  
  156  12:24  Viking x2, Marauder x2  
  156  12:27  Marauder  
  156  12:29  Liberator x2  
  149  12:46  Marine x2, Marauder  
  149  12:47  Marine x3, Marauder x2  
  134  13:02  Planetary Fortress  
  118  13:15  Viking x2  
  118  13:16  Medivac  
  118  13:17  Marine, Medivac  
  118  13:18  Marine x3, Marauder x4  
  124  13:47  Marine x6, Marauder x4  
Tags
 
Add a new tag
Caveats
  • Supply blocks, unpowered buildings, or Contaminate may cause inaccurate times.
  • Supply counts are checked every 10 seconds.